 Dungeon Crawl Stone Soup version 0.29-a0-275-g389c0b56f3 (webtiles) character file.

Game seed: 10258952206687908713

143 siradein the Bolt Thrower (level 5, -3/49 HPs)
             Began as a Naga Hunter on Mar 11, 2022.
             Slain by Grinder (4 damage)
             ... on level 3 of the Dungeon.
             The game lasted 00:06:22 (2230 turns).

siradein the Bolt Thrower (Naga Hunter)             Turns: 2230, Time: 00:06:22

Health: -3/49      AC:  8    Str: 14    XL:     5   Next: 25%
Magic:  5/5        EV: 10    Int: 11    God:
Gold:   172        SH:  0    Dex: 14    Spells: 4/4 levels left

rFire   . . .      SeeInvis +   a - +1 hand crossbow
rCold   . . .      Faith    .   (no shield)
rNeg    . . .      Spirit   .   b - +0 leather armour
rPois   +          Reflect  .   (no helmet)
rElec   .          Harm     .   g - +0 cloak
rCorr   .          Rampage  .   (no gloves)
Will    .....                   (no barding)
Stlth   ++........              (no amulet)
HPRegen 0.16/turn               m - +4 ring of protection
MPRegen 0.09/turn               (no ring)

@: very slow
A: AC +1, large, see invisible, deformed body, poison resistance, slowness 2,
spit poison 1, naga tail 1
a: Spit Poison


You were on level 3 of the Dungeon.
You visited 1 branch of the dungeon, and saw 3 of its levels.

You collected 172 gold pieces.

Inventory:

Hand Weapons
 a - a +1 hand crossbow (weapon)
Armour
 b - a +0 leather armour (worn)
 g - a +0 cloak (worn)
Jewellery
 m - a +4 ring of protection (left hand)
Wands
 r - a wand of paralysis (11)
 s - a wand of polymorph (5)
Scrolls
 c - a scroll of immolation
 h - a scroll of vulnerability {unknown}
 i - a scroll of magic mapping {unknown}
 k - 2 scrolls of noise
 o - 2 scrolls of amnesia {unknown}
Potions
 d - a potion of mutation {unknown}
 e - a potion of ambrosia {unknown}
 f - 2 potions of flight {unknown}
 j - 2 potions of curing {unknown}
 l - a potion of berserk rage {unknown}
 n - a potion of invisibility {unknown}
 p - a potion of heal wounds {unknown}
 q - a potion of haste {unknown}
 t - a potion of attraction {unknown}


   Skills:
 + Level 3.2 Fighting
 + Level 4.3 Crossbows
 + Level 2.6 Dodging
 + Level 3.3 Stealth


You had 4 spell levels left.
You didn't know any spells.
Your spell library was empty.

Dungeon Overview and Level Annotations

Branches:
Dungeon (3/15)

Altars:

Annotations:
D:3 Grinder


Innate Abilities, Weirdness & Mutations

Your serpentine skin is tough. (AC +1)
You have supernaturally acute eyesight. (SInv)
Armour fits poorly on your strangely shaped body.
Your system is resistant to poisons. (rPois)
You cover ground very slowly.
You can spit poison.
You have a snake-like lower body.


Message History

You shoot a bolt. The bolt closely misses Grinder.
Grinder hits you!
You writhe in agony.
You are too injured to fight recklessly!
You are too injured to fight recklessly!
You are too injured to fight recklessly!
You are too injured to fight recklessly!
You are too injured to fight recklessly!
Aiming: Spit Poison (1% risk of failure)
Press: ? - help, Shift-Dir - straight line, f/p - Grinder
Aim: Grinder (lightly wounded, 54% to hit)
The splash of poison hits Grinder.
Grinder is moderately wounded.
Grinder says, "Just stop there for a second..."
Grinder closely misses you.
Unknown command.
As you read the scroll labelled ROROWK IXZE, it crumbles to dust.
You hear a loud clanging noise!
It was a scroll of noise.
Grinder closely misses you.
You have got your breath back.
Grinder gestures at you.
You suddenly lose the ability to move!
Grinder hits you!
* * * LOW HITPOINT WARNING * * *
Grinder blinks!
You can move again.
Unknown command.
Unknown command.
Grinder attacks as you move away! Grinder hits you but does no damage.
Grinder grins, showing sharp teeth.
Grinder hits you but does no damage. Grinder attacks as you move away!
Grinder hits you but does no damage. Grinder attacks as you move away!
Grinder closely misses you. Grinder hits you!
* * * LOW HITPOINT WARNING * * *
You writhe in agony.
* * * LOW HITPOINT WARNING * * *
There is an open door here.
Grinder attacks as you move away! Grinder hits you.
* * * LOW HITPOINT WARNING * * *
You writhe in agony.
You die...

#.# #...........# #.#
#...........# ..#
#..........##
.######...<......#
.................######
.................>....#
..#####...........###.#
..# #...........# #.#
..# #.........@.# #.#
..# #######..##5###.#
..# #...............#
..# ###......).....##?#
..# #..............##.#
..# #.########'##'#####
..# #.≈≈≈≈# #..#.# ..#
#.≈....####'#.# ###
##≈≈≈≈........#


You could see Grinder.

Vanquished Creatures
  An orc wizard (D:3)
  3 adders
  3 worms (D:2)
  2 dart slugs
  2 orcs (D:3)
  2 bats (D:2)
  9 endoplasms
  5 giant cockroaches
  9 goblins
  12 hobgoblins
  4 quokkas
  5 ball pythons
  4 frilled lizards
  3 kobolds
  6 rats
70 creatures vanquished.

Notes
Turn   | Place    | Note
-------+----------+-------------------------------------------
     0 | D:1      | siradein the Naga Hunter began the quest for the Orb.
     0 | D:1      | Reached XP level 1. HP: 19/19 MP: 1/1
    81 | D:1      | Reached XP level 2. HP: 22/26 MP: 2/2
   374 | D:1      | Reached XP level 3. HP: 32/33 MP: 3/3
   379 | D:1      | Found a faded altar of an unknown god.
   881 | D:2      | Reached skill level 4 in Crossbows
  1258 | D:2      | Reached XP level 4. HP: 40/40 MP: 4/4
  1803 | D:3      | Noticed Grinder
  1814 | D:3      | Paralysed by Grinder for 6 turns
  2066 | D:3      | Reached XP level 5. HP: 37/49 MP: 5/5
  2219 | D:3      | Paralysed by Grinder for 7 turns
  2230 | D:3      | HP: 1/49 [Grinder (3)]
  2230 | D:3      | Slain by Grinder

Illustrated notes

Levels and vault maps discovered:
D:1:      minmay_arrival_hallway, layout_basic,
          hellmonk_ecumenical_altar_inner_sanctum
D:2:      layout_basic, nrook_campfire, minmay_pentomino_w4
D:3:      layout_basic, amcnicky_mini_corridor_feature,
          chequers_serial_rivers_micro_d, kennysheep_generic_room_4,
          uniq_grinder

Skill      XL: |  1  2  3  4 |
---------------+-------------+-----
Dodging        | 2 |  2.6
Crossbows      | 4 |  4.3
Stealth        | 2 3 |  3.3
Fighting       | 3 |  3.2

Action                   |  1- 3 |  4- 6 || total
-------------------------+-------+-------++-------
 Fire: Hand crossbow     |    84 |   126 ||   210
 Abil: Spit Poison       |     4 |     4 ||     8
  Use: Scroll            |       |     1 ||     1
Armor: Leather armour    |     7 |    44 ||    51
Dodge: Dodged            |     9 |    57 ||    66

Table legend: (Time is in decaauts)
 A = Elapsed time spent in this place.
 B = Non-inter-level travel time spent in this place.
 C = Inter-level travel time spent in this place.
 D = Time resting spent in this place.
 E = Time spent auto-exploring this place.
 F = Levels seen in this place.
 G = Mean time per level.
                   A        B        C        D        E       F      G
               +--------+--------+--------+--------+--------+-----+--------+
         Total |   2834 |   2762 |     72 |    339 |   1898 |   3 |  944.7 |
       Dungeon |   2834 |   2762 |     72 |    339 |   1898 |   3 |  944.7 |
               +--------+--------+--------+--------+--------+-----+--------+

Top non-repeatable levels by time:
     D:2: 1463 daAuts
     D:1: 765 daAuts
     D:3: 605 daAuts
